 Seeded DCSS version 0.30-a0-1094-g860fb061e7 (webtiles) character file.

Game seed: 777 (custom seed)

4 BadtimePacifist the Grave Robber (level 1, 0/13 HPs)
             Began as a Demonspawn Necromancer on Apr 17, 2023.
             Frozen to death by an endoplasm (4 damage)
             ... on level 1 of the Dungeon.
             The game lasted 00:03:12 (594 turns).

BadtimePacifist the Grave Robber (DsNe)              Turns: 594, Time: 00:03:12

Health: 0/13       AC:  8    Str:  8    XL:     1   Next: 58%
Magic:  2/3        EV:  4    Int: 16    God:
Gold:   29         SH:  0    Dex: 13    Spells: 3/4 levels left

rFire   . . .      SeeInvis .    (no weapon)
rCold   . . .      Faith    .    (no shield)
rNeg    . . .      Spirit   .    b - +0 chain mail
rPois   .          Reflect  .    (no helmet)
rElec   .          Rampage  .    (no cloak)
rCorr   .                        (no gloves)
Will    .....                    (no boots) Stlth
                                 (no amulet)
HPRegen 0.22/turn                (no ring)
MPRegen 0.08/turn                (no ring)

@: very slightly contaminated
A: no striking features
a: no special abilities


You were on level 1 of the Dungeon.
You visited 1 branch of the dungeon, and saw 1 of its levels.

You collected 29 gold pieces.

Inventory:

Armour
 a - a +0 robe
 b - a +0 chain mail (worn)
Scrolls
 c - a scroll of blinking {unknown}
 e - a scroll of teleportation {unknown}
 g - a scroll of fear {unknown}
 h - a scroll of torment {unknown}
Potions
 d - a potion of attraction {unknown}
 f - a potion of degeneration {unknown}


   Skills:
 + Level 1.9 Dodging
 + Level 1.7 Stealth
 + Level 2.0 Spellcasting
 + Level 4.5 Necromancy


You had 3 spell levels left.
You knew the following spells:

 Your Spells              Type           Power      Damage    Failure   Level
a - Necrotise             Necr           64%        1d7       97%         1

Your spell library contained the following spells:

 Spells                   Type           Power      Damage    Failure   Level
 Ozocubu's Armour         Ice            1%         N/A       100%        3
 Vampiric Draining        Necr           16%        2d7       100%        3
 Animate Dead             Necr           16%        N/A       100%        4
 Agony                    Necr           16%        N/A       100%        5
 Metabolic Englaciation   Hex/Ice        0%         N/A       100%        5
 Simulacrum               Ice/Necr       4%         N/A       100%        6


Dungeon Overview and Level Annotations

Branches:
Dungeon (1/15)

Altars:


Message History

Found a chain mail.
You see here a +0 chain mail.
b - a +0 chain mail You start removing your armour.
You continue taking off your +0 robe. x4
You finish taking off your +0 robe.
You start putting on your armour.
You continue putting on your +0 chain mail. x5
You finish putting on your +0 chain mail.
Found a scroll labelled XIUNAT VIBEUJ.
h - a scroll labelled XIUNAT VIBEUJ An endoplasm comes into view.
The endoplasm quivers.
The endoplasm hits you but does no damage.
The endoplasm hits you but does no damage.
You miscast Necrotise.
You are very lightly contaminated with residual magic.
Nothing appears to happen.
The endoplasm freezes you.
You are frozen.
You miscast Necrotise.
Nothing appears to happen.
The endoplasm freezes you.
You are frozen.
You are too injured to fight recklessly!
The endoplasm barely misses you.
You are too injured to fight recklessly!
You hit the endoplasm.
The endoplasm is moderately wounded.
The endoplasm hits you.
You hit the endoplasm but do no damage.
The endoplasm is moderately wounded.
The endoplasm freezes you.
You are frozen.
The endoplasm hits you but does no damage.
The endoplasm attacks as you move away!
The endoplasm hits you but does no damage.
You hit the endoplasm but do no damage.
The endoplasm is moderately wounded.
The endoplasm freezes you.
You are frozen.
You die...

#####. ......
##########
#........'
#........#
###+#####...⌠....#
+.......##........
#J....#.#######...
+@....#.....# ##..
#.....####.### ###
#.....# #...###..
####### #........
#.#######
#.#......
#.#.#####
#.#......
#####.#######


You could see an endoplasm.

Vanquished Creatures
  A bat (D:1)
  An endoplasm (D:1)
  A ball python (D:1)
  A rat (D:1)
4 creatures vanquished.

Vanquished Creatures (collateral kills)
  A rat (D:1)
1 creature vanquished.

Grand Total: 5 creatures vanquished

Notes
Turn   | Place    | Note
-------+----------+-------------------------------------------
     0 | D:1      | BadtimePacifist the Demonspawn Necromancer began the quest
                  | for the Orb.
     0 | D:1      | Reached XP level 1. HP: 13/13 MP: 3/3
   594 | D:1      | Frozen to death by an endoplasm

Illustrated notes

Levels and vault maps discovered:
D:1:      giann_wishing_wells, layout_basic, minivault_27,
          minmay_misc_feat_more_columns

Action                     || total
---------------------------++-------
  Melee: Unarmed           ||    15
   Cast: Necrotise         ||     7
    Use: Potion            ||     1
 Armour: Robe              ||     7
         Chain mail        ||     4
  Dodge: Dodged            ||    20

Table legend: (Time is in decaauts)
 A = Elapsed time spent in this place.
 B = Non-inter-level travel time spent in this place.
 C = Inter-level travel time spent in this place.
 D = Time resting spent in this place.
 E = Time spent auto-exploring this place.
 F = Levels seen in this place.
 G = Mean time per level.
                   A        B        C        D        E       F      G
               +--------+--------+--------+--------+--------+-----+--------+
         Total |    594 |    594 |      0 |      0 |      0 |   1 |  594.0 |
       Dungeon |    594 |    594 |      0 |      0 |      0 |   1 |  594.0 |
               +--------+--------+--------+--------+--------+-----+--------+

Top non-repeatable levels by time:
     D:1: 594 daAuts
